 Dungeon Crawl Stone Soup version 0.28-a0-845-gfc338a8e3c (webtiles) character file.

Game seed: 15693280758354230497

78752 Iepvzaeh the Tortoise (level 15, -5/141 HPs)
             Began as a Minotaur Fighter on Nov 12, 2021.
             Was the Champion of Okawaru.
             Slain by a spriggan rider (12 damage)
             ... on level 1 of the Swamp on Nov 13, 2021.
             The game lasted 01:34:55 (31437 turns).

Iepvzaeh the Tortoise (Minotaur Fighter)           Turns: 31437, Time: 01:34:55

Health: -5/141     AC: 35    Str: 30    XL:     15   Next: 19%
Magic:  12/14      EV: 13    Int:  4    God:    Okawaru [******]
Gold:   1420       SH:  0    Dex: 17    Spells: 14/14 levels left

rFire   + . .      SeeInvis +   a - +3 glaive of the Lurker {vorpal, rF+ rN+ Dex+4}
rCold   + . .      Faith    +   (shield currently unavailable)
rNeg    + + +      Spirit   .   h - +0 plate armour {rC+}
rPois   .          Reflect  .   J - +3 crown of Dyrovepreva {rElec Int+2 SInv}
rElec   +          Harm     .   K - +2 cloak
rCorr   +          Rampage  .   c - +0 pair of gloves
Will    +....                   S - +0 pair of boots
Stlth   ..........              D - amulet of Anoc {Faith rElec rN++ rCorr Int-3}
HPRegen 0.33/turn               A - +6 ring of strength
MPRegen 0.14/turn               U - +4 ring of protection

@: heroic
A: horns 2, retaliatory headbutt
a: Renounce Religion, Heroism, Finesse, Duel


You were on level 1 of the Swamp.
You worshipped Okawaru.
Okawaru was exalted by your worship.
You visited 6 branches of the dungeon, and saw 22 of its levels.

You collected 1855 gold pieces.
You spent 435 gold pieces at shops.

Inventory:

Hand Weapons
 a - the +3 glaive of the Lurker (weapon) {vorpal, rF+ rN+ Dex+4}
   (Okawaru gifted it to you on level 5 of the Lair of Beasts)

   It inflicts extra damage upon your enemies.
   Dex:       It affects your dexterity (+4).
   rF:        It protects you from fire.
   rN:        It protects you from negative energy.
 b - the +9 longbow of the Dancing Firefly {venom, rElec rF+ rCorr Int+3}
   (Okawaru gifted it to you on level 1 of the Lair of Beasts)

   Any ammunition fired from it poisons the flesh of those it strikes.
   Int:       It affects your intelligence (+3).
   rF:        It protects you from fire.
   rElec:     It insulates you from electricity.
   rCorr:     It protects you from acid and corrosion.
 p - a +3 trident of flaming
 I - a +2 flail of holy wrath
 P - a +5 broad axe
Missiles
 f - a throwing net
 i - 195 arrows
 n - 77 poisoned darts (quivered)
 G - 11 javelins
 L - 5 boomerangs of dispersal
 N - 15 boomerangs
 Q - 17 silver javelins
Armour
 c - a +0 pair of gloves (worn)
 h - a +0 plate armour of cold resistance (worn)
 o - a +2 kite shield of cold resistance
 B - a +2 leather armour of cold resistance
 J - the +3 crown of Dyrovepreva (worn) {rElec Int+2 SInv}
   (You found it on level 8 of the Dungeon)

   Int:       It affects your intelligence (+2).
   rElec:     It insulates you from electricity.
   SInv:      It lets you see invisible.
 K - a +2 cloak (worn)
 O - a scarf of resistance
 S - a +0 pair of boots (worn)
Jewellery
 A - a +6 ring of strength (left hand)
 D - the amulet of Anoc (around neck) {Faith rElec rN++ rCorr Int-3}
   (You found it on level 6 of the Dungeon)

   [amulet of faith]

   It allows you to gain divine favour quickly.
   Int:       It affects your intelligence (-3).
   rElec:     It insulates you from electricity.
   rN:        It greatly protects you from negative energy.
   rCorr:     It protects you from acid and corrosion.
 U - a +4 ring of protection (right hand)
 X - an amulet of the acrobat
Wands
 q - a wand of iceblast (17)
 w - a wand of mindburst (6)
 H - a wand of flame (2)
Scrolls
 g - 5 scrolls of magic mapping
 j - 2 scrolls of fog
 l - 4 scrolls of enchant weapon
 r - 5 scrolls of enchant armour
 v - 6 scrolls of teleportation
 E - 2 scrolls of fear
 T - 2 scrolls of immolation
 V - a scroll of summoning {unknown}
 W - 2 scrolls of torment {unknown}
Potions
 d - 2 potions of might
 e - 11 potions of curing
 k - a potion of haste
 m - 3 potions of flight
 s - a potion of mutation
 t - 2 potions of cancellation
 M - 2 potions of heal wounds
 Z - a potion of invisibility


   Skills:
 * Level 15.3(20.3) Fighting
 + Level 6.4(15.3) Axes
 + Level 2.1(9.6) Maces & Flails
 + Level 12.3(18.0) Polearms
 * Level 16.4(21.4) Bows
 - Level 6.0(11.0) Crossbows
 - Level 5.5(10.5) Throwing
 + Level 17.7(22.7) Armour
 + Level 2.2(7.2) Dodging
 + Level 2.0(7.0) Stealth
 + Level 7.0(12.0) Shields
 + Level 0.9 Invocations
 + Level 2.8 Evocations


You had 14 spell levels left.
You didn't know any spells.
Your spell library contained the following spells:

 Spells                   Type           Power      Damage    Failure   Level
 Apportation              Tloc           0%         N/A       89%         1
 Pain                     Necr           0%         1d4       89%         1
 Shock                    Conj/Air       0%         1d3       89%         1
 Ensorcelled Hibernation  Hex/Ice        0%         N/A       96%         2
 Passwall                 Tmut/Erth      0%         N/A       96%         2
 Gell's Gravitas          Tloc           0%         N/A       99%         3
 Spider Form              Tmut/Pois      0%         N/A       99%         3
 Swiftness                Air            0%         N/A       99%         3
 Teleport Other           Tloc           0%         N/A       99%         3
 Vampiric Draining        Necr           0%         2d6       99%         3
 Iskenderun's Mystic Bla  Conj/Tloc      0%         2d3       100%        4
 Leda's Liquefaction      Hex/Erth       0%         N/A       100%        4
 Agony                    Necr           0%         N/A       100%        5
 Borgnjor's Vile Clutch   Necr/Erth      0%         N/A       100%        5
 Excruciating Wounds      Necr           0%         N/A       100%        5
 Lee's Rapid Deconstruct  Erth           0%         3d5*      100%        5
 Dispersal                Tloc           0%         N/A       100%        6
 Statue Form              Tmut/Erth      0%         N/A       100%        6
 Orb of Destruction       Conj           0%         N/A       100%        7
 Necromutation            Tmut/Necr      0%         N/A       100%        8
 Animate Skeleton         Necr           Unusable   N/A       N/A         1
 Summon Small Mammal      Summ           Unusable   N/A       N/A         1
 Summon Guardian Golem    Hex/Summ       Unusable   N/A       N/A         3
 Animate Dead             Necr           Unusable   N/A       N/A         4
 Death Channel            Necr           Unusable   N/A       N/A         6
 Spellforged Servitor     Conj/Summ      Unusable   N/A       N/A         7

Dungeon Overview and Level Annotations

Branches:
Dungeon (11/15)            Temple (1/1) D:6            Lair (6/6) D:8
  Swamp (1/4) Lair:4        Snake (0/4) Lair:2        Slime (0/5) Lair:5
    Orc (2/2) D:11            Elf (1/3) Orc:2

Altars:
Ashenzari
Cheibriados
Dithmenos
Elyvilon
Fedhas
Gozag
Hepliaklqana
Kikubaaqudgha
Makhleb
Nemelex Xobeh
Okawaru
Qazlal
Ru
Sif Muna
Trog
Uskayaw
Vehumet
Xom
Yredelemnul
Zin
The Shining One
Beogh

Shops:
D:4 *   D:8 (   D:9 [   Orc:2 :=!=(

Annotations:
D:7 2 transporters
D:9 3 runed translucent doors, bgiannan's ghost, journeyman MiFi


Innate Abilities, Weirdness & Mutations

You have a pair of horns on your head.
You reflexively headbutt those who attack you in melee.


Message History

As you read the scroll of teleportation, it crumbles to dust.
You feel strangely unstable.
The vampire mosquito buzzes angrily.
The six-headed hydra no longer looks unusually strong.
The vampire mosquito barely misses you.
The vampire mosquito closely misses you.
The vampire mosquito bites you.
* * * LOW HITPOINT WARNING * * *
The vampire mosquito bites you but does no damage.
Things that are here:
a +0 rapier; a +0 robe Unknown command.
Unknown command.
You enter the shallow water.
Moving in this stuff is going to be slow.
Your surroundings suddenly seem different.
A spriggan rider comes into view.
It is wielding a +0 spear and quivering curare-tipped darts.
You feel like a meek peon again.
The spriggan rider shouts!
The spriggan rider hits you with a +0 spear.
* * * LOW HITPOINT WARNING * * *
The spriggan rider closely misses you. You furiously retaliate!
You headbutt the spriggan rider!!
You gain the combat prowess of a mighty hero.
The spriggan rider hits you but does no damage.
You miss the spriggan rider.
The spriggan rider is moderately wounded.
The spriggan rider hits you with a +0 spear.
* * * LOW HITPOINT WARNING * * *
You miss the spriggan rider.
You headbutt the spriggan rider, but do no damage.
The spriggan rider is moderately wounded.
You barely miss the spriggan rider. You headbutt the spriggan rider!
The spriggan rider is heavily wounded.
The spriggan rider hits you with a +0 spear!
* * * LOW HITPOINT WARNING * * *
You slash the spriggan rider!
The spriggan rider is severely wounded.
The spriggan rider hits you with a +0 spear!
You die...

≈..≈.≈..≈♣♣.♣♣
.....≈.≈..≈.≈♣♣.
..≈≈...≈≈....♣..
.≈..≈.≈....≈....
.≈...§.......≈≈.♣♣
♣≈♣.≈.≈≈..≈....≈≈♣♣
♣♣.....≈≈≈.≈.≈..≈§
♣♣♣♣♣♣♣♣...≈§...♣
......i@♣
...≈.§...♣
.≈.≈≈.≈.♣♣
.≈≈...≈.♣ ......≈≈.
..≈§.≈..♣ .......♣♣
♣......


You could see a spriggan rider.

Vanquished Creatures
  A bunyip (Swamp:1)
  Harold (Orc:1)
  3 hydras
  A boulder beetle (Lair:6)
  4 ogre magi (Orc:2)
  3 catoblepae (Lair:6)
  19 two-headed ogres
  11 death yaks
  Urug (D:9)
  A deep elf knight (Elf:1)
  Nergalle (Lair:1)
  3 goliath frogs (Swamp:1)
  2 spriggan druids (Swamp:1)
  A lindwurm (Lair:5)
  3 orc knights
  2 cyclopes (D:11)
  2 oklob plants
  16 elephants
  2 orc sorcerers
  2 manticores (Lair:6)
  A torpor snail (Lair:6)
  4 black mambas
  10 cane toads
  Psyche (D:11)
  A rime drake (Lair:4)
  17 komodo dragons
  3 hornets
  4 trolls
  A tyrant leech (Swamp:1)
  3 polar bears
  19 blink frogs
  11 dream sheep
  5 spriggans (Swamp:1)
  A shadow (D:11)
  4 wyverns
  The ghost of puimuR the Chopper, an amateur HOMo (D:5)
  52 yaks
  5 basilisks
  A steam dragon (Lair:5)
  2 swamp worms (Swamp:1)
  A warg (Orc:2)
  4 nagas (Lair:2)
  13 water moccasins
  An ice beast (D:5)
  16 orc warriors
  7 black bears
  A necrophage (D:8)
  24 ogres
  The ghost of feta the Shield-Bearer, an amateur FoFi of Lugonu (D:3)
  5 centaurs
  17 wolves
  3 kobold brigands
  A phantom (D:6)
  12 bullfrogs
  2 gnoll sergeants
  A scorpion (D:8)
  A wyvern zombie (D:5)
  A water moccasin zombie (D:5)
  5 killer bees (D:10)
  A wight (D:3)
  3 electric eels
  3 gnoll shamans (D:6)
  3 centaur zombies
  5 jellies
  A hound (D:4)
  17 orc priests
  6 bullfrog skeletons
  6 iguanas
  12 orc wizards
  3 killer bee zombies
  2 hound skeletons
  A hound zombie (D:5)
  Robin (D:2)
  2 howler monkey zombies
  23 gnolls
  2 howler monkey skeletons
  9 adders
  4 white imps
  3 ufetubi
  An adder skeleton (D:5)
  A worm (D:2)
  5 dart slugs
  72 orcs
  3 ball pythons
  8 endoplasms
  5 giant cockroaches
  13 goblins
  10 hobgoblins
  7 jackals (D:3)
  20 kobolds
  2 quokkas
  3 bats
  3 frilled lizards
  A rat (D:1)
602 creatures vanquished.

Vanquished Creatures (others)
  71 fungi
  106 plants
177 creatures vanquished.

Grand Total: 779 creatures vanquished

Notes
Turn   | Place    | Note
-------+----------+-------------------------------------------
     0 | D:1      | Iepvzaeh the Minotaur Fighter began the quest for the Orb.
     0 | D:1      | Reached XP level 1. HP: 19/19 MP: 0/0
   251 | D:1      | Reached XP level 2. HP: 24/27 MP: 1/1
   283 | D:1      | Reached skill level 4 in Armour
   757 | D:2      | Found a snail-covered altar of Cheibriados.
   873 | D:2      | Reached XP level 3. HP: 22/33 MP: 2/2
  1321 | D:2      | Noticed Robin
  1328 | D:2      | Killed Robin
  1329 | D:2      | Reached XP level 4. HP: 33/40 MP: 3/3
  1574 | D:3      | You fall into a shaft and drop 1 floor!
  1644 | D:4      | Found Boneg's Assorted Antiques.
  1664 | D:4      | Bought a scroll labelled KEL VOQUMAO for 18 gold pieces
  1664 | D:4      | Bought a pink potion for 16 gold pieces
  1869 | D:4      | Reached XP level 5. HP: 46/46 MP: 4/4
  2498 | D:4      | Bought a puce potion for 16 gold pieces
  2498 | D:4      | Bought a scroll labelled SIRGHU XOATORR for 18 gold pieces
  2498 | D:4      | Bought a scroll labelled KIM GIJEAMUTO for 18 gold pieces
  2498 | D:4      | Bought a brown potion for 16 gold pieces
  2498 | D:4      | Bought a ruby potion for 16 gold pieces
  2501 | D:5      | Entered Level 5 of the Dungeon
  2530 | D:5      | Reached skill level 5 in Axes
  2692 | D:5      | Noticed an ice beast
  2855 | D:5      | Found a transporter.
  2860 | D:5      | Reached skill level 5 in Armour
  2862 | D:5      | Found a transporter.
  2862 | D:5      | Noticed puimuR's ghost (amateur HOMo)
  2865 | D:5      | Noticed a black bear
  2905 | D:5      | Noticed an orc warrior
  3087 | D:4      | Reached XP level 6. HP: 42/53 MP: 5/5
  3146 | D:5      | Killed an ice beast
  3147 | D:5      | Reached skill level 1 in Throwing
  4152 | D:4      | Reached skill level 5 in Shields
  4152 | D:4      | Reached XP level 7. HP: 45/60 MP: 6/6
  4713 | D:5      | Reached skill level 6 in Armour
  5061 | D:5      | Reached skill level 7 in Armour
  5204 | D:4      | Reached skill level 5 in Fighting
  5453 | D:5      | Reached skill level 1 in Polearms
  5752 | D:5      | Reached skill level 1 in Evocations
  5873 | D:5      | Reached skill level 8 in Armour
  5873 | D:5      | Reached XP level 8. HP: 67/68 MP: 7/7
  5884 | D:5      | Killed puimuR's ghost
  6233 | D:6      | Reached skill level 9 in Armour
  6400 | D:6      | Found a radiant altar of Vehumet.
  6589 | D:6      | Found a shadowy altar of Dithmenos.
  6633 | D:6      | Reached skill level 10 in Armour
  6672 | D:6      | Found a bloodstained altar of Trog.
  6677 | D:6      | Reached skill level 1 in Stealth
  6822 | D:6      | Found a staircase to the Ecumenical Temple.
  6837 | Temple   | Entered the Ecumenical Temple
  6870 | Temple   | Became a worshipper of Warmaster Okawaru
  6903 | D:6      | Identified the amulet of Anoc {Faith rElec rN++ rCorr
                  | Int-3}
  6952 | D:6      | Reached skill level 5 in Polearms
  6952 | D:6      | Reached XP level 9. HP: 53/75 MP: 8/8
  7179 | D:6      | Found a burning altar of Makhleb.
  7739 | D:7      | Got Zoinuub's Grimoire of Hurtful Transmigration
  7906 | D:7      | Found a transporter.
  8094 | D:7      | Found a transporter.
  8099 | D:7      | Noticed an ogre mage
  8274 | D:4      | Bought a wand of flame (10) for 18 gold pieces
  8356 | D:8      | Noticed a troll
  8384 | D:8      | Killed a troll
  8746 | D:8      | Found a stormy altar of Qazlal.
  8898 | D:8      | Reached * piety under Okawaru
  8971 | D:8      | Reached skill level 1 in Crossbows
  9033 | D:7      | Reached skill level 1 in Maces & Flails
  9033 | D:7      | Reached skill level 11 in Armour
  9297 | D:8      | Found the +3 crown of Dyrovepreva {rElec Int+2 SInv}
  9299 | D:8      | Found Plog's Weapon Emporium.
  9350 | D:8      | Reached ** piety under Okawaru
  9941 | D:8      | Found a staircase to the Lair.
 10189 | D:9      | Found Niffagg's Antique Armour Emporium.
 10208 | D:9      | Reached XP level 10. HP: 86/86 MP: 9/9
 10217 | D:9      | Paralysed by a hornet for 2 turns
 10758 | D:9      | Reached skill level 12 in Armour
 11011 | D:9      | Found a hazy altar of Hepliaklqana.
 11079 | D:9      | Found a runed translucent gate.
 11079 | D:9      | Found a runed translucent gate.
 11079 | D:9      | Found a runed translucent gate.
 11110 | D:9      | Reached skill level 5 in Crossbows
 11288 | D:9      | Noticed a spectral centaur warrior
 11290 | D:9      | Noticed bgiannan's ghost (journeyman MiFi)
 11533 | D:10     | Entered Level 10 of the Dungeon
 11549 | D:9      | Reached *** piety under Okawaru
 12044 | D:9      | Reached skill level 13 in Armour
 12135 | D:10     | Noticed a two-headed ogre
 12143 | D:10     | Killed a two-headed ogre
 12143 | D:10     | Reached **** piety under Okawaru
 12144 | D:10     | Reached skill level 1 in Dodging
 12174 | D:10     | Received a gift from Okawaru
 12342 | D:10     | Found a white marble altar of Elyvilon.
 12373 | D:10     | Noticed Urug
 13258 | D:10     | Found a sparkling altar of Nemelex Xobeh.
 13472 | D:11     | Noticed a seven-headed hydra
 13505 | D:11     | Found a staircase to the Orcish Mines.
 13715 | D:11     | Noticed Psyche
 13729 | D:11     | Killed Psyche
 13808 | D:11     | Noticed a cyclops
 13944 | D:11     | Reached ***** piety under Okawaru
 13945 | D:11     | Reached skill level 14 in Armour
 14351 | D:11     | Reached skill level 5 in Throwing
 14407 | D:11     | Noticed a cyclops
 14409 | D:11     | Reached XP level 11. HP: 97/97 MP: 10/10
 14774 | D:11     | Noticed an ice dragon
 15251 | Lair:1   | Entered Level 1 of the Lair of Beasts
 15254 | Lair:1   | Received a gift from Okawaru
 15324 | Lair:1   | Identified the +9 longbow of the Dancing Firefly {venom,
                  | rElec rF+ rCorr Int+3} (Okawaru gifted it to you on level 1
                  | of the Lair of Beasts)
 15324 | Lair:1   | Received a gift from Okawaru
 15382 | Lair:1   | Noticed a five-headed hydra
 15447 | D:9      | Killed Urug
 15448 | D:9      | Reached skill level 1 in Bows
 15793 | D:3      | Found a transporter.
 15982 | D:3      | Noticed feta's ghost (amateur FoFi)
 16030 | D:3      | Found a faded altar of an unknown god.
 16173 | D:3      | Found a shimmering blue altar of Sif Muna.
 16291 | D:3      | Found a sacrificial altar of Ru.
 16384 | D:3      | Found a transporter.
 16478 | D:3      | Killed feta's ghost
 17112 | Lair:1   | Killed a five-headed hydra
 17645 | D:8      | Received a gift from Okawaru
 17660 | Lair:1   | Reached skill level 10 in Fighting
 17665 | Lair:1   | Reached skill level 15 in Armour
 17978 | Lair:1   | Noticed Nergalle
 18044 | Lair:1   | Killed Nergalle
 18044 | Lair:1   | Received a gift from Okawaru
 18315 | Lair:1   | Reached skill level 5 in Bows
 18823 | Lair:2   | Reached XP level 12. HP: 85/107 MP: 11/11
 19371 | Lair:2   | Reached skill level 16 in Armour
 19546 | Lair:2   | Found a staircase to the Snake Pit.
 20152 | Lair:3   | Received a gift from Okawaru
 20405 | Lair:3   | Received a gift from Okawaru
 20868 | Lair:4   | Found a staircase to the Swamp.
 21315 | Lair:4   | Noticed a death yak
 21318 | Lair:4   | Noticed a death yak
 21356 | Lair:4   | Killed a death yak
 21357 | Lair:4   | Noticed a death yak
 21359 | Lair:4   | Noticed a death yak
 21361 | Lair:4   | Killed a death yak
 21391 | Lair:3   | Killed a death yak
 21391 | Lair:3   | Received a gift from Okawaru
 21402 | Lair:3   | Killed a death yak
 21682 | Lair:4   | Reached skill level 10 in Polearms
 21730 | Lair:4   | Received a gift from Okawaru
 22521 | Lair:5   | Reached skill level 10 in Bows
 22610 | Lair:5   | Reached XP level 13. HP: 117/117 MP: 12/12
 23093 | Lair:5   | Received a gift from Okawaru
 23209 | Lair:5   | Found a staircase to the Slime Pits.
 23335 | Lair:5   | Reached skill level 17 in Armour
 23338 | Lair:5   | Identified the +3 glaive of the Lurker {vorpal, rF+ rN+
                  | Dex+4} (Okawaru gifted it to you on level 5 of the Lair of
                  | Beasts)
 23338 | Lair:5   | Received a gift from Okawaru
 24441 | Lair:6   | Entered Level 6 of the Lair of Beasts
 24446 | Lair:5   | Received a gift from Okawaru
 24718 | Lair:6   | Received a gift from Okawaru
 25386 | Lair:5   | Received a gift from Okawaru
 25438 | Lair:5   | Found a staircase to the Slime Pits.
 25704 | Lair:6   | Received a gift from Okawaru
 25948 | Lair:6   | Received a gift from Okawaru
 26142 | Lair:6   | Reached ****** piety under Okawaru
 26258 | Lair:6   | Received a gift from Okawaru
 26306 | Lair:6   | Reached XP level 14. HP: 129/129 MP: 13/13
 27185 | Lair:6   | Received a gift from Okawaru
 27467 | Lair:6   | Received a gift from Okawaru
 27773 | Lair:6   | Upgraded the game from 0.28-a0-843-gb979743d38 to
                  | 0.28-a0-845-gfc338a8e3c
 27982 | Orc:1    | Entered Level 1 of the Orcish Mines
 28075 | D:11     | Paralysed by an orc sorcerer for 5 turns
 28713 | Orc:1    | Noticed Harold
 28716 | Orc:1    | Killed Harold
 28966 | Orc:2    | Entered Level 2 of the Orcish Mines
 28986 | Orc:2    | Found a staircase to the Elven Halls.
 29387 | Orc:2    | Found Xush's Book Boutique.
 29488 | Orc:2    | Reached skill level 15 in Bows
 29637 | Orc:2    | Received a gift from Okawaru
 30043 | Orc:2    | Received a gift from Okawaru
 30204 | Orc:2    | Reached skill level 15 in Fighting
 30290 | Orc:2    | Reached XP level 15. HP: 141/141 MP: 14/14
 30302 | Orc:2    | Found Teofuank's Jewellery Shop.
 30302 | Orc:2    | Found Upeysetiog's Jewellery Emporium.
 30305 | Orc:2    | Found Fips's Antique Weapon Shoppe.
 30305 | Orc:2    | Found Depny's Distillery.
 30333 | Orc:2    | Bought a potion of haste for 130 gold pieces
 30333 | Orc:2    | Bought a potion of heal wounds for 65 gold pieces
 30333 | Orc:2    | Bought a potion of mutation for 104 gold pieces
 30737 | Elf:1    | Entered Level 1 of the Elven Halls
 30922 | Swamp:1  | Entered Level 1 of the Swamp
 31422 | Swamp:1  | HP: 3/141 [dire elephant[a spriggan druid] (10)]
 31436 | Swamp:1  | HP: 7/141 [spriggan rider (9)]
 31437 | Swamp:1  | Slain by a spriggan rider

Illustrated notes

Levels and vault maps discovered:
D:1:      onia_arrival_pentagram, layout_basic, kennysheep_nondescript
D:2:      layout_loops_cross, basic_altar, uniq_robin
D:3:      layout_basic, led_sif_pool, marbit_many_paths,
          ebering_ecumenical_altar_abandoned, gammafunk_ghost_mausoleum
D:4:      layout_basic, serial_shops, nicolae_stop_n_shop_1, minmay_unequal
D:5:      layout_loops_ring, gammafunk_ghost_arena, minmay_manual_mess
D:6:      layout_loops_ring, trog_ov_bears_minmay, lightli_temple_of_fire,
          grunt_dithmenos_shadows, lemuel_round_altar, minmay_temple_entry_tees,
          chequers_jeans
D:7:      gammafunk_beogh_shrine, layout_loops_ring
D:8:      layout_cave_pools, overflow_temple_1_default,
          due_lair_maze_entry_diamond, serial_shops, nicolae_shop_waterfront,
          serial_column_ruins, column_ruins_hut_ruined,
          column_ruins_columns_corner, column_ruins_open_large,
          column_ruins_open_medium, column_ruins_open_small_water,
          column_ruins_open_small, column_ruins_open_tiny
D:9:      layout_irregular_city, mainiacjoe_overflow_surrounded_room,
          gammafunk_ghost_necromancy, serial_shops, nicolae_shop_trees,
          minmay_misc_feat_plants
D:10:     layout_rooms, nemelex_diamond_rough_becter,
          nicolae_overflow_crystal_walls, uniq_urug
D:11:     dragon1_lemuel, layout_stronghold, david_orc_5,
          gauntlet_entry_generic, serial_shops, shop_statue, uniq_psyche
Temple:   minmay_temple_bridge_abc
Lair:1:   layout_chaotic_city, uniq_nergalle
Lair:2:   layout_regular_city, minmay_snake_entry_guardpost_small,
          serial_bayou_ford_a, serial_bayou_pond_c, serial_bayou_shore_b
Lair:3:   layout_layer_cave
Lair:4:   layout_gridlike, minmay_swamp_entry_reptiles, forest_entry_grove
Lair:5:   layout_regular_city, nicolae_slime_entry_slimehenge,
          grunt_megastairs_2, infiniplex_staircase_pool, lemuel_fruit_tree
Lair:6:   evilmike_catoblepas_cave, layout_gridlike, minmay_lair_oklob_bushes,
          chequers_serial_rivers_large_a
Swamp:1:  layout_falls_marsh, evilmike_swamp_ruin_rubble_1, swamp_pool1,
          beargit_elvish_explorers
Orc:1:    layout_caves, uniq_harold
Orc:2:    st_orc_ogre_mass, layout_diamond_mine, serial_shops,
          nicolae_diamond_shop
Elf:1:    eino_elf_arrival_sip, layout_onion_city, serial_shops,
          nicolae_shop_stone, minmay_elf_annihilation, grunt_ministairs_5

Skill      XL: |  1  2  3  4  5  6  7  8  9 10 11 12 13 14 |
---------------+-------------------------------------------+-----
Armour         | 4 5 8 10 11 14 15 16 17 | 17.7
Axes           | 3 4 5 6 |  6.4
Fighting       | 4 5 6 7 9 10 11 13 15 | 15.3
Shields        | 4 5 6 7 |  7.0
Throwing       | 1 2 3 5 |  5.5
Polearms       | 1 5 6 7 9 10 11 12 | 12.3
Evocations     | 1 2 |  2.8
Stealth        | 1 2 |  2.0
Crossbows      | 4 5 6 |  6.0
Maces & Flails | 2 |  2.1
Dodging        | 1 2 |  2.2
Bows           | 5 10 13 16 | 16.4
Invocations    | |  0.9

Action                   |  1- 3 |  4- 6 |  7- 9 | 10-12 | 13-15 || total
-------------------------+-------+-------+-------+-------+-------++-------
Melee: War axe           |    71 |   124 |    28 |       |       ||   223
       Headbutt          |     8 |    21 |    30 |    99 |    53 ||   211
       Trident           |       |       |   170 |   356 |    51 ||   577
       Flail             |       |       |    19 |       |       ||    19
       Broad axe         |       |       |       |     4 |       ||     4
       Punch             |       |       |       |     1 |       ||     1
       Glaive            |       |       |       |       |   174 ||   174
 Fire: Hand crossbow     |       |       |    64 |    61 |       ||   125
       Longbow           |       |       |       |   185 |   465 ||   650
Throw: Dart              |       |    38 |    51 |    82 |       ||   171
       Boomerang         |       |       |       |     1 |       ||     1
Invok: Heroism           |       |       |       |     5 |     3 ||     8
       Finesse           |       |       |       |     1 |       ||     1
Evoke: Wand              |       |       |    29 |    10 |       ||    39
  Use: Scroll            |       |       |     5 |    15 |     5 ||    25
       Potion            |       |       |       |     6 |     2 ||     8
Armor: Scale mail        |    12 |       |       |       |       ||    12
       Plate armour      |    26 |    87 |   177 |   306 |   359 ||   955
Dodge: Dodged            |    18 |    36 |    78 |   201 |   179 ||   512
Block: Buckler           |    12 |    41 |    57 |    53 |       ||   163

Table legend: (Time is in decaauts)
 A = Elapsed time spent in this place.
 B = Non-inter-level travel time spent in this place.
 C = Inter-level travel time spent in this place.
 D = Time resting spent in this place.
 E = Time spent auto-exploring this place.
 F = Levels seen in this place.
 G = Mean time per level.
                   A        B        C        D        E       F      G
               +--------+--------+--------+--------+--------+-----+--------+
         Total |  31585 |  29429 |   2156 |   7383 |  14754 |  22 | 1435.7 |
       Dungeon |  17937 |  16463 |   1474 |   5554 |   7186 |  11 | 1630.6 |
        Temple |     56 |     34 |     22 |      0 |     19 |   1 |   56.0 |
          Lair |  10854 |  10284 |    570 |   1517 |   6113 |   6 | 1809.0 |
         Swamp |    530 |    530 |      0 |      0 |    323 |   1 |  530.0 |
  Orcish Mines |   2200 |   2111 |     89 |    311 |   1112 |   2 | 1100.0 |
   Elven Halls |      5 |      5 |      0 |      0 |      0 |   1 |    5.0 |
               +--------+--------+--------+--------+--------+-----+--------+

Top non-repeatable levels by time:
  Lair:5: 2735 daAuts
     D:4: 2577 daAuts
     D:5: 2189 daAuts
     D:9: 2145 daAuts
    D:11: 1968 daAuts
  Lair:6: 1945 daAuts
  Lair:4: 1853 daAuts
     D:8: 1843 daAuts
     D:7: 1730 daAuts
  Lair:1: 1654 daAuts
    D:10: 1615 daAuts
   Orc:2: 1401 daAuts
  Lair:3: 1392 daAuts
  Lair:2: 1273 daAuts
     D:6: 1241 daAuts
